 Dungeon Crawl Stone Soup version 0.24-a0-201-gf205589 (console) character file.

Game seed: 2829743912634090600

16 bli the Ducker (level 2, -2/19 HPs)
             Began as a Tengu Monk on Mar 23, 2019.
             Slain by a hobgoblin
             ... wielding a +0 club
              (3 damage)
             ... on level 1 of the Dungeon.
             The game lasted 00:01:02 (263 turns).

bli the Ducker (Tengu Monk)                          Turns: 263, Time: 00:01:03

Health: -2/19      AC:  2    Str: 11    XL:     2   Next: 58%
Magic:  3/3        EV: 14    Int: 10    God:
Gold:   52         SH:  0    Dex: 16    Spells: 1/1 levels left

rFire    . . .     SeeInvis .   a - +0 falchion
rCold    . . .     Gourm    .   (no shield)
rNeg     . . .     Faith    .   b - +0 robe
rPois    .         Spirit   .   (helmet restricted)
rElec    .         Reflect  .   (no cloak)
rCorr    .         Harm     .   (no gloves)
MR       .....                  (boots unavailable)
Stlth    ++........             (no amulet)
HPRegen  0.06/turn              (no ring)
MPRegen  0.08/turn              (no ring)

@: no status effects
A: beak, talons 3
a: no special abilities


You were on level 1 of the Dungeon.
You were not hungry.

You visited 1 branch of the dungeon, and saw 1 of its levels.

You collected 52 gold pieces.

Inventory:

Hand Weapons
 a - a +0 falchion (weapon)
Armour
 b - a +0 robe (worn)
 e - a +1 scale mail of fire resistance
Scrolls
 d - a scroll of remove curse {unknown}
 h - a scroll of fog {unknown}
Potions
 g - a potion of ambrosia {unknown}
 i - a potion of might {unknown}
Comestibles
 c - a ration
 f - 5 chunks of flesh


   Skills:
 - Level 3.0 Fighting
 + Level 3.6 Long Blades
 * Level 3.9 Dodging
 - Level 2.0 Stealth


You had one spell level left.
You didn't know any spells.
Your spell library was empty.

Dungeon Overview and Level Annotations

Branches:
Dungeon (1/15)

Altars:


Innate Abilities, Weirdness & Mutations

You have a beak for a mouth.
You have claws for feet.


Message History

You barely miss the gnoll.
The hobgoblin hits you but does no damage.
The gnoll hits you with a +0 halberd of protection.
You hit the gnoll.
The gnoll is moderately wounded.
The hobgoblin hits you with a +0 club. The gnoll misses you.
You barely miss the hobgoblin.
The hobgoblin is moderately wounded.
The gnoll misses you. The hobgoblin hits you with a +0 club.
You closely miss the hobgoblin. Your kick misses the hobgoblin.
The hobgoblin is lightly wounded.
The hobgoblin hits you with a +0 club. The gnoll barely misses you.
You barely miss the hobgoblin. Your kick misses the hobgoblin.
The hobgoblin is lightly wounded.
The hobgoblin barely misses you.
The gnoll hits you from afar with a +0 halberd of protection.
* * * LOW HITPOINT WARNING * * *
The hobgoblin hits you with a +0 club.
You die...

##.#####............########.###
#.....####.######...# #........
#...........# #...### #.........
#......####.###.###.##.....#.#..
#......# #.....# #.#......#.#..
##......# ##.#### #.#......#.#..
........###...######.#....#
#.#.# ##................
..#...##.#.#.# #......###.#....#
#.#..... #.#⌠.
#.......##.####.###.#..#####.###
###.....#..# #@##..........<...
#...#.#.# #.gg.##..#####.###
#.......#######.###.....⌠#.#
#..##......####...#...##.#.#
#.÷...>..#......#.#....#.#.# #
##..####..###.....#......#.#..
#...# ##.###.##..#......#.#..
...#.# #..#..# #.##.....#.#..
....##.# ##...### .#.#.........
.... #.. ###...##.#..#........
...#
##.##......#..#.########.###


You could see a gnoll and a hobgoblin.

Vanquished Creatures
  An ooze (D:1)
  A leopard gecko (D:1)
  A giant cockroach (D:1)
  A goblin (D:1)
  2 hobgoblins (D:1)
  3 bats (D:1)
  2 rats (D:1)
11 creatures vanquished.

Notes
Turn   | Place    | Note
-------+----------+-------------------------------------------
     0 | D:1      | bli the Tengu Monk began the quest for the Orb.
     0 | D:1      | Reached XP level 1. HP: 14/14 MP: 2/2
   120 | D:1      | Reached XP level 2. HP: 19/19 MP: 3/3
   263 | D:1      | Slain by a hobgoblin

Levels and vault maps discovered:
D:1:      matt_arrival_grand_opening, layout_rooms, minmay_cut_off

Action                   || total
-------------------------++-------
Melee: Falchion          ||    31
       Kick              ||     6
       Peck              ||     4
 Stab: Sleeping          ||     3
Armor: Robe              ||     4
Dodge: Dodged            ||    26
       Rpst.: Falchion   ||     7

Table legend:
 A = Non-vault XP
 B = Vault XP
 C = Vault XP percentage of total XP
 D = Non-vault monster count
 E = Vault monster count
 F = Vault count percentage of total count
                 A         B        C        D         E       F
            +---------+---------+-------+---------+---------+-------
      Total |      24 |       0 |   0.0 |      11 |       0 |   0.0
            +---------+---------+-------+---------+---------+-------
        D:1 |      24 |       0 |   0.0 |      11 |       0 |   0.0
            +---------+---------+-------+---------+---------+-------
